 Dungeon Crawl Stone Soup version 0.21.1-1-g345015f (webtiles) character file.

44 Iko the Skirmisher (level 3, -2/31 HPs)
             Began as a Demonspawn Wanderer on May 9, 2018.
             Slain by an orc
             ... wielding a +0 trident
              (8 damage)
             ... on level 8 of the Dungeon.
             The game lasted 00:08:12 (822 turns).

Iko the Skirmisher (Demonspawn Wanderer)             Turns: 822, Time: 00:08:15

Health: -2/31      AC:  3    Str:  9 (12) XL:     3   Next: 41%
Magic:  3/3        EV:  7    Int: 12 (13) God:
Gold:   18         SH:  9    Dex: 12 (13) Spells: 2/2 levels left

rFire    . . .     SeeInvis .   c - +1 long sword
rCold    . . .     Gourm    .   e - +0 large shield
rNeg     . . .     Faith    .   i - +0 leather armour
rPois    .         Spirit   .   (no helmet)
rElec    .         Reflect  .   (no cloak)
rCorr    .         Harm     .   (no gloves)
MR       .....                  (no boots)
Stlth    ++........             (no amulet)
HPRegen  0.10/turn              (no ring)
MPRegen  0.08/turn              (no ring)

@: no status effects
A: hooves 1, spiny 1
a: no special abilities


You were on level 8 of the Dungeon.
You were not hungry.

You visited 1 branch of the dungeon, and saw 8 of its levels.

You collected 70 gold pieces.
You spent 52 gold pieces at shops.

Inventory:

Hand Weapons
 c - a +1 long sword (weapon)
Missiles
 a - 5 javelins (quivered)
Armour
 e - a +0 large shield (worn)
 i - a +0 leather armour (worn)
Scrolls
 d - a scroll of teleportation
 l - 2 scrolls of fear
Potions
 h - a potion of lignification
 j - a potion of flight
Comestibles
 f - 3 rations


   Skills:
 + Level 4.4 Fighting
 + Level 1.1 Long Blades
 + Level 0.3 Throwing
 + Level 0.4 Armour
 + Level 2.1 Dodging
 + Level 3.8 Stealth


You had 2 spell levels left.
You didn't know any spells.

Dungeon Overview and Level Annotations

Branches:
Dungeon (8/15)
 Temple: D:4-7         Lair: D:8-11

Altars:

Shops:
D:7 ?

Annotations:
D:3 Terence


Innate Abilities, Weirdness & Mutations

You have large cloven feet.
You are partially covered in sharp spines.


Message History

You block the bullfrog's attack.
The orc hits you from afar with a trident.
The bullfrog is struck by your spines. The bullfrog closely misses you.
The orc warrior shouts!
You slash the bullfrog!
The bullfrog is severely wounded.
The bullfrog is struck by your spines. The bullfrog hits you!
* * * LOW HITPOINT WARNING * * *
The orc hits you but does no damage. The bullfrog barely misses you.
You riposte.
Your shield prevents you from hitting the bullfrog.
The bullfrog is severely wounded.
Unknown command.
Your shield and leather armour prevent you from hitting the bullfrog.
The bullfrog is severely wounded.
You block the bullfrog's attack. The orc hits you but does no damage.
The bullfrog is struck by your spines. The bullfrog hits you.
* * * LOW HITPOINT WARNING * * *
The orc hits you from afar with a trident!
You die...

##.......##
#....(..(.###
+.........'.
#.....((..#
#...o..(#
#.....# #.o.#
#F# #@# ## #.#
.. ##.##
.####...####
..#.......###
###.#..........
#.<.#†#..##.###
#........# .#
#...###.#### #


You could see an orc warrior, a bullfrog and an orc.

Vanquished Creatures
  A worker ant (D:7)
  A leopard gecko (D:1)
  4 orcs
  3 bats (D:3)
  2 goblins (D:3)
  A kobold (D:3)
  A quokka (D:8)
  A frilled lizard (D:4)
  A rat (D:1)
15 creatures vanquished.

Notes
Turn   | Place    | Note
-------+----------+-------------------------------------------
     0 | D:1      | Iko the Demonspawn Wanderer began the quest for the Orb.
     0 | D:1      | Iko set off with: a +2 dagger, a scroll of blinking, a +0 spear, a scroll of teleportation, a +0 robe, a ration
     0 | D:1      | Reached XP level 1. HP: 19/19 MP: 1/1
   219 | D:3      | Gained mutation: You have large cloven feet. [demonic ancestry]
   219 | D:3      | Reached XP level 2. HP: 12/25 MP: 2/2
   235 | D:3      | Noticed Terence
   463 | D:5      | Entered Level 5 of the Dungeon
   720 | D:7      | Found Yfoggeh's Magic Scroll Emporium.
   724 | D:7      | Bought a scroll of fear for 52 gold pieces
   771 | D:7      | Reached skill level 1 in Long Blades
   771 | D:7      | Gained mutation: You are partially covered in sharp spines. [demonic ancestry]
   771 | D:7      | Reached XP level 3. HP: 25/31 MP: 3/3
   818 | D:8      | Noticed a bullfrog
   820 | D:8      | Noticed an orc warrior
   822 | D:8      | Slain by an orc

Skill      XL: |  1  2 |
---------------+-------+-----
Dodging        | 2 |  2.1
Long Blades    | 1 |  1.1
Fighting       | |  4.4
Throwing       | |  0.3
Armour         | |  0.4
Stealth        | |  3.8

Action                   || total
-------------------------++-------
Melee: Long sword        ||    36
       Dagger            ||     4
       Kick              ||     2
Throw: Javelin           ||    11
  Use: Scroll            ||    10
       Potion            ||     4
 Stab: Sleeping          ||     1
Armor: Robe              ||    16
       Leather armour    ||     6
Dodge: Dodged            ||    35
Block: Large shield      ||     9
       Rpst.: Long sword ||    10
